 Dungeon Crawl Stone Soup version 0.18-a0-337-g1235303 (webtiles) character file.

312 OOFcanmelsteelbeams the Cutter (level 6, 0/41 HPs)
             Began as a Vampire Enchanter on Nov 28, 2015.
             Slain by a wight
             ... wielding a cursed +0 scimitar
              (9 damage)
             ... on level 4 of the Dungeon.
             The game lasted 00:08:18 (2974 turns).

OOFcanmelsteelbeams the Cutter (Vampire Enchanter)  Turns: 2974, Time: 00:08:18

Health: 0/41       AC:  8    Str:  7    XL:     6   Next: 18%
Magic:  9/9        EV: 10    Int: 17    God:
Gold:   40         SH:  0    Dex: 17    Spells: 1 memorised, 8 levels left

rFire  + . .     SeeInvis +     o - +1 short sword (freeze)
rCold  . . .     Clarity  .     i - +0 ring mail {rF+}
rNeg   . . .     SustAt   .     (no shield)
rPois  +         Gourm    .     (no helmet)
rElec  .         Spirit   .     A - +2 cloak {rPois}
rCorr  .         Warding  .     (no gloves)
rMut   .         Stasis   .     (no boots)
MR     .....                    (no amulet)
Stlth  ++++......               (no ring)
                                q - ring of stealth

@: regenerating very quickly, not resistant to hostile enchantments, stealthy
A: fangs 3, see invisible, unbreathing
a: no special abilities


You were on level 4 of the Dungeon.
You were almost alive.

You visited 1 branch of the dungeon, and saw 4 of its levels.

You collected 161 gold pieces.
You spent 121 gold pieces at shops.


Innate Abilities, Weirdness & Mutations

Your natural rate of healing is extremely fast.
You have razor-sharp teeth.
You have supernaturally acute eyesight.
You can survive without breathing.


   Skills:
 - Level 6.4 Short Blades
 - Level 2.1 Dodging
 + Level 5.8 Stealth
 - Level 2.0 Spellcasting
 - Level 4.4 Hexes


You had 8 spell levels left.
You knew the following spells:

 Your Spells              Type           Power        Failure   Level  Hunger
Z - Corona                Hex            ###....      14%         1    #......

Inventory:

Hand Weapons
 a - a +1 dagger
 b - a +0 blowgun
 o - a +1 short sword of freezing (weapon)
Missiles
 g - 5 needles of slowing
 t - 5 poisoned needles
Armour
 i - a +0 ring mail of fire resistance (worn)
 A - a +2 cloak of poison resistance (worn)
Jewellery
 q - a ring of stealth (left hand)
Scrolls
 d - 2 scrolls of fear {unknown}
 f - 2 scrolls of identify {unknown}
 k - a scroll of immolation {unknown}
 l - a scroll of random uselessness {unknown}
 m - a scroll of noise {unknown}
 p - a scroll of enchant armour {unknown}
 r - a scroll of remove curse {unknown}
 v - a scroll of blinking {unknown}
 y - a scroll of teleportation {unknown}
Potions
 e - 3 potions of haste {unknown}
 h - 4 potions of curing {unknown}
 j - 2 potions of flight {unknown}
 n - 2 potions of poison {unknown}
 s - 3 potions of blood {@q4}
 w - a potion of berserk rage {unknown}
 z - a potion of invisibility {unknown}
Books
 c - a book of Maledictions

   Spells                             Type                      Level
   a - Corona                         Hexes                        1
   b - Ensorcelled Hibernation        Hexes/Ice                    2
   c - Confuse                        Hexes                        3
   d - Tukima's Dance                 Hexes                        3
   e - Dazzling Spray                 Conjuration/Hexes            3

Dungeon Overview and Level Annotations

Branches:
Dungeon (4/15)
 Temple: D:4-7

Altars:
Trog

Shops:
D:4 [

Annotations:
D:3 Terence

▒..▒ ▒...z....▒....†.....▒
▒..▒▒▒.▒▒▒▒▒▒.▒..........▒
▒..▒▒..▒ ▒.........(..▒
▒)....▒▒▒▒▒ ▒▒.▒▒▒▒▒▒▒▒▒▒▒
▒▒........▒▒ ▒...▒▒▒
.%...▒▒▒▒..▒ ▒▒▒.<.▒
...z.▒ ▒▒.▒ ▒▒▒.▒▒▒▒
.....▒ ▒.▒▒▒▒▒▒▒....▒▒▒
.....▒ ▒......Vzz▒▒...▒▒▒
.....▒ ▒▒▒▒▒▒▒▒▒.▒▒▒....▒
..... ▒...▒....▒
▒▒▒......▒ ▒▒▒....▒ ▒....▒
▒....▒ ▒▒▒▒▒▒


You could see 2 wights.


Message History

o - a +1 short sword of freezing (weapon)
The wight misses you.
You feel almost alive.
At your current hunger state you have an extremely fast metabolism and heal extremely quickly.
Your movement speed is average.
Your attack speed is quite fast.
You are not resistant to hostile enchantments.
You are stealthy.
There is a stone staircase leading up here.
You hit the wight.
The wight is lightly damaged.
You barely miss the wight.
The wight is lightly damaged.
The wight hits you with a scimitar!
You hit the wight.
The wight is heavily damaged.
The wight hits you with a scimitar.
You hit the wight but do no damage.
The wight is heavily damaged.
You hit the wight.
The wight is severely damaged.
The wight hits you with a scimitar!
* * * LOW HITPOINT WARNING * * *
You are too injured to fight recklessly!
You are too injured to fight recklessly!
You are too injured to fight recklessly!
You are too injured to fight recklessly!
You hit the wight but do no damage.
The wight is severely damaged.
The wight hits you with a scimitar!
You die...

Action                   |  1- 3 |  4- 6 || total
-------------------------+-------+-------++-------
Melee: Dagger            |   127 |   147 ||   274
       Short sword       |       |    29 ||    29
 Fire: Blowgun           |       |     4 ||     4
 Cast: Corona            |     3 |     4 ||     7
  Use: Potion            |    10 |     9 ||    19
 Stab: Sleeping          |     9 |     6 ||    15

Vault maps used:
D:1:      minmay_arrival_doors, due_unseen_surprise
D:3:      lightli_temple_of_fire, first_bread, portal_sewer_entry_e,
          uniq_terence
D:4:      lemuel_blue_sif_altar, serial_shops, shop

Notes
Turn   | Place    | Note
--------------------------------------------------------------
     0 | D:1      | OOFcanmelsteelbeams the Vampire Enchanter began the quest for the Orb.
     0 | D:1      | Reached XP level 1. HP: 13/13 MP: 3/3
   342 | D:1      | Reached skill level 2 in Short Blades
   444 | D:1      | Reached XP level 2. HP: 16/19 MP: 5/5
   978 | D:2      | Reached skill level 3 in Short Blades
  1176 | D:2      | Reached XP level 3. HP: 24/24 MP: 6/6
  1358 | D:2      | Reached skill level 4 in Short Blades
  1585 | D:3      | Reached XP level 4. HP: 30/30 MP: 7/7
  1827 | D:3      | Reached skill level 5 in Short Blades
  1856 | D:3      | Noticed Terence
  2222 | D:3      | Reached XP level 5. HP: 35/35 MP: 8/8
  2321 | D:3      | Found a bloodstained altar of Trog.
  2791 | D:4      | Reached skill level 6 in Short Blades
  2830 | D:4      | Found Nulaofukk's Antique Armour Shoppe.
  2834 | D:4      | Bought an embroidered cloak for 121 gold pieces
  2868 | D:4      | Reached skill level 5 in Stealth
  2868 | D:4      | Reached XP level 6. HP: 41/41 MP: 9/9
  2974 | D:4      | Slain by a wight

Vanquished Creatures
  A scorpion (D:4)
  2 wights (D:4)
  An orc priest (D:3)
  A worker ant (D:3)
  A hound skeleton (D:3)
  6 adders
  A river rat (D:3)
  An ooze (D:2)
  2 worms (D:3)
  A giant gecko (D:2)
  3 orcs (D:3)
  A ball python (D:3)
  5 giant cockroaches
  5 hobgoblins
  A quokka (D:3)
  6 bats
  A giant newt (D:3)
  5 goblins
  4 kobolds
  13 rats
61 creatures vanquished.
